 Dungeon Crawl Stone Soup version 0.22-a0-565-gfc6459a (webtiles) character file.

245 Amnesiac the Ducker (level 5, -4/27 HPs)
             Began as a Spriggan Fighter on June 28, 2018.
             Slain by an ogre
             ... wielding a +0 giant club
              (28 damage)
             ... on level 4 of the Dungeon.
             The game lasted 00:05:21 (3041 turns).

Amnesiac the Ducker (Spriggan Fighter)              Turns: 3041, Time: 00:05:22

Health: -4/27      AC:  2    Str: 13    XL:     5   Next: 83%
Magic:  9/9        EV: 19    Int:  9    God:
Gold:   155        SH:  6    Dex: 16    Spells: 4/4 levels left

rFire    . . .     SeeInvis +   a - +0 dagger (elec)
rCold    . . .     Gourm    .   c - +0 buckler
rNeg     . . .     Faith    .   b - +0 robe
rPois    .         Spirit   .   (helmet restricted)
rElec    .         Reflect  .   (no cloak)
rCorr    .         Harm     +   (gloves unavailable)
MR       .....                  (boots unavailable)
Stlth    +++.......             k - amulet of harm
HPRegen  0.09/turn              (no ring)
MPRegen  0.11/turn              (no ring)

@: very quick
A: very small, unfitting armour, see invisible, herbivore, speed 3, slow
metabolism 2
a: no special abilities


You were on level 4 of the Dungeon.
You were full.

You visited 1 branch of the dungeon, and saw 4 of its levels.
You also visited: Sewer.

You collected 155 gold pieces.

Inventory:

Hand Weapons
 a - a +0 dagger of electrocution (weapon)
 m - a +0 rapier
Armour
 b - a +0 robe (worn)
 c - a +0 buckler (worn)
Jewellery
 k - an amulet of harm (around neck)
 v - an uncursed ring of stealth {unknown}
Wands
 j - a wand of disintegration (19)
Scrolls
 e - 2 scrolls of remove curse {!r, unknown}
 g - a scroll of noise {!r, unknown}
 h - a scroll of enchant weapon {!r, unknown}
 i - 2 scrolls of teleportation {!r, unknown}
 l - a scroll of identify {!r, unknown}
 p - a scroll of magic mapping {!r, unknown}
 r - a scroll of fog {!r, unknown}
 t - a scroll of blinking {!r, unknown}
 u - a scroll of fear {!r, unknown}
Potions
 d - 3 potions of might {!q}
 n - a potion of haste {!q, unknown}
 o - a potion of brilliance {!q, unknown}
 q - 5 potions of heal wounds {!q, unknown}
 s - a potion of magic {!q, unknown}
 w - 2 potions of invisibility {!q, unknown}
Comestibles
 f - 5 rations


   Skills:
 - Level 2.4 Fighting
 * Level 4.4 Short Blades
 - Level 4.4 Dodging
 + Level 4.3 Stealth
 - Level 2.4 Shields
 * Level 4.1 Evocations


You had 4 spell levels left.
You didn't know any spells.
Your spell library contained the following spells:

 Spells                   Type           Power        Failure   Level  Hunger
 Lightning Bolt           Conj/Air       #.........   100%        5    ######.
 Shock                    Conj/Air       #...         50%         1    ##.....
 Swiftness                Chrm/Air       #.......     65%         2    ###....
 Airstrike                Air            #.........   99%         4    #####..
 Static Discharge         Conj/Air       #.......     86%         3    ####...


Dungeon Overview and Level Annotations

Branches:
Dungeon (4/15)
 Temple: D:4-7

Altars:
Dithmenos
Fedhas
Qazlal


Innate Abilities, Weirdness & Mutations

You are very small and have problems with some larger weapons.
You are too small for most types of armour.
You have supernaturally acute eyesight. (SInv)
You are a herbivore.
You cover ground extremely quickly.
You need to consume almost no food.


Message History

An adder comes into view.
Found 16 gold pieces.
You see here 2 fuming black potions {!q}.
An adder is nearby!
The helpless adder fails to defend itself.
You impale the adder!! Lightning courses through the adder!
You kill the adder!
No target in view!
w - 2 fuming black potions {!q} Magic restored.
You now have 134 gold pieces (gained 16).
You see here an adder corpse.
Found 24 stones.
Found a stormy altar of Qazlal.
Found a blossoming altar of Fedhas.
There is a stormy altar of Qazlal here.
There is a stormy altar of Qazlal here.
You see here 24 stones.
You are feeling hungry.
An orc comes into view. It is wielding a hand axe.
An orc is nearby!
An orc is nearby!
An orc is nearby!
An orc comes into view. It is wielding a morningstar.
Found 13 gold pieces.
You barely miss the orc. The orc closely misses you.
You hit the orc but do no damage.
The orc shouts!
An orc comes into view. It is wielding a whip.
You block the orc's attack.
You hit the orc but do no damage. Lightning courses through the orc!
You kill the orc!
Found 8 gold pieces.
You hit the orc. Lightning courses through the orc!
You kill the orc!
You hit the orc.
The orc is almost dead.
The orc hits you with a whip!
You barely miss the orc.
The orc is almost dead.
You closely miss the orc.
The orc is almost dead.
The orc closely misses you.
You hit the orc.
You kill the orc!
No target in view!
No target in view!
You eat one of the 8 rations.
That ration really hit the spot!
You eat one of the 7 rations.
That ration really hit the spot!
You eat one of the 6 rations.
That ration really hit the spot!
You now have 147 gold pieces (gained 13).
You now have 155 gold pieces (gained 8).
There is an open door here.
You pick up a book of Air and begin reading...
You add the spells Shock, Swiftness, Static Discharge, Airstrike and Lightning Bolt to your library.
q - 5 fuming emerald potions {!q} (gained 2)
There is an open door here.
An ogre comes into view. It is wielding a giant club.
An ogre is nearby!
The ogre shouts!
You hit the ogre. Lightning courses through the ogre!
The ogre is heavily wounded.
The ogre hits you with a giant club!!
Ouch! That really hurt!
You die...

.........)##############..###+###
###.#.###...##### ##...+_+..
......##......... #.#######
###.####......... #.# ## # #.#
#......... #.####### # #.#
##...##### #........
###.#####.#################..#.##
.....(...........................
...###########.O@...>#########.##
##.# #.#####.# #..# ...# .. #.#
##.# #..###### #. ## #.##### #.#
)......<#### .. #.....######..
..........####.#.###.....'.......
...................#.....#####...
##.########.####..##.....## #...
..................##......# #...


You could see an ogre.

Vanquished Creatures
  A scorpion (D:4)
  A bullfrog skeleton (D:4)
  A hound (D:4)
  An orc priest (D:4)
  3 adders
  An ooze (D:4)
  2 leopard geckos (D:3)
  10 orcs
  3 ball pythons
  3 giant cockroaches
  4 goblins
  10 hobgoblins
  6 jackals (Sewer)
  A quokka (D:4)
  A bat (D:1)
  7 frilled lizards (Sewer)
  11 kobolds
  A quokka skeleton (D:4)
  A rat (D:3)
  5 plants (Sewer)
73 creatures vanquished.

Notes
Turn   | Place    | Note
-------+----------+-------------------------------------------
     0 | D:1      | Amnesiac the Spriggan Fighter began the quest for the Orb.
     0 | D:1      | Reached XP level 1. HP: 11/11 MP: 2/2
    15 | D:1      | Reached skill level 1 in Stealth
   376 | D:1      | Reached XP level 2. HP: 15/16 MP: 3/3
   778 | D:4      | Reached skill level 1 in Evocations
   778 | D:4      | Reached XP level 3. HP: 10/19 MP: 3/5
   824 | D:4      | Reached XP level 4. HP: 15/23 MP: 6/6
  1045 | D:3      | Found a glowing drain.
  1210 | Sewer    | Entered a sewer
  2326 | D:4      | Reached XP level 5. HP: 27/27 MP: 8/8
  2331 | D:4      | Found a shadowy altar of Dithmenos.
  2892 | D:4      | Found a stormy altar of Qazlal.
  2893 | D:4      | Found a blossoming altar of Fedhas.
  3036 | D:4      | Noticed an ogre
  3041 | D:4      | Slain by an ogre

Vault maps used:
D:1:      giann_forest_graveyard
D:2:      minmay_roachtagon, chequers_temple_overflow_minitemple,
          minmay_misc_feat_more_columns, minmay_pentomino_t2
D:3:      cheibrodos_pilgrimage, portal_sewer_entry_b, uniq_crazy_yiuf_cottage
D:4:      grunt_temple_overflow_forces_of_nature, lemuel_doored_altar,
          first_ration, glass_columns_b, kennysheep_crisscross
Sewer:    sewer_co_scattered_pipes

Skill      XL: |  1  2  3  4  5 |
---------------+----------------+-----
Stealth        | 2 3 4 |  4.3
Short Blades   | 3 4 |  4.4
Evocations     | 1 2 3 4 |  4.1
Fighting       | |  2.4
Dodging        | |  4.4
Shields        | |  2.4

Action                   |  1- 3 |  4- 6 || total
-------------------------+-------+-------++-------
Melee: Rapier            |    48 |    19 ||    67
       Dagger            |       |   267 ||   267
Evoke: Wand              |       |     2 ||     2
 Stab: Sleeping          |     2 |     3 ||     5
       Distracted        |       |     1 ||     1
  Eat: Ration            |       |     3 ||     3
Armor: Robe              |     6 |    10 ||    16
Dodge: Dodged            |    33 |   151 ||   184
Block: Buckler           |    14 |    41 ||    55

Table legend:
 A = Spawn XP
 B = Non-spawn XP
 C = Spawn XP percentage of total XP
 D = Spawn monster count
 E = Non-spawn monster count
 F = Spawn count percentage of total count
 G = Total turns spent on level
                    A         B        C        D         E        F      G
               +---------+---------+-------+---------+---------+-------+---------
         Total |       0 |     350 |   0.0 |       0 |      68 |   0.0 |  3041
               +---------+---------+-------+---------+---------+-------+---------
           D:1 |       0 |      18 |   0.0 |       0 |      11 |   0.0 |   704
           D:2 |       0 |       4 |   0.0 |       0 |       2 |   0.0 |    27
           D:3 |       0 |      36 |   0.0 |       0 |      17 |   0.0 |   422
           D:4 |       0 |     250 |   0.0 |       0 |      17 |   0.0 |   850
         Sewer |       0 |      42 |   0.0 |       0 |      21 |   0.0 |  1038
               +---------+---------+-------+---------+---------+-------+---------
